 Dungeon Crawl Stone Soup version 0.31.0-1-g2c135a008e (webtiles) character file.

Game seed: 5941259393212289627

774 Destapler the Charlatan (level 7, -11/48 (56) HPs)
             Began as a Gnoll Wanderer on Jan 20, 2024.
             Was a Priest of Ru.
             Killed from afar by a steam dragon (16 damage)
             ... with a ball of steam
             ... on level 8 of the Dungeon.
             The game lasted 00:11:32 (4016 turns).

Destapler the Charlatan (Gnoll Wanderer)            Turns: 4016, Time: 00:11:33

HP:   -11/48 (56)   AC:  8    Str: 14    XL:     7   Next: 84%
MP:   10/10         EV: 11    Int: 10    God:    Ru [***...]
Gold: 294           SH:  0    Dex: 12    Spells: 11/11 levels left

rFire   . . .        a - +2 dagger (drain)
rCold   . . .        (no shield)
rNeg    . . .        c - +0 ring mail
rPois   .            i - +0 helmet
rElec   .            t - scarf {+Inv}
rCorr   .            (no gloves)
SInv    .            A - +0 pair of boots
Will    ++...        (no amulet)
Stlth   +            z - ring of willpower
HPRegen 0.28/turn    (no ring)
MPRegen 0.12/turn

%: no passive effects
@: enlightened, flying, heavily drained
A: fangs 1, hated by all, unskilled 1, strong nose, distributed training
a: Renounce Religion, Evoke Invisibility, Draw Out Power


You were on level 8 of the Dungeon.
You worshipped Ru.
Ru was most pleased with you.
You visited 1 branch of the dungeon, and saw 6 of its levels.
You also visited: Ossuary.

You collected 294 gold pieces.

Inventory:

Hand Weapons
 a - a +2 dagger of draining (weapon)
 b - a +1 whip of electrocution
 g - a +0 club
Missiles
 r - 3 boomerangs
Armour
 c - a +0 ring mail (worn)
 h - a +0 scale mail
 i - a +0 helmet (worn)
 m - a +0 leather armour
 t - a scarf of invisibility (worn)
 y - the +0 robe "Ico Ubum" {+Blink rElec Str-3}
   (You found it on level 4 of the Dungeon)

   Str-3:     It affects your strength (-3).
   rElec:     It insulates you from electricity.
   +Blink:    It lets you blink.
 A - a +0 pair of boots (worn)
Jewellery
 z - a ring of willpower (left hand)
Scrolls
 j - 2 scrolls of fog
 n - a scroll of acquirement {unknown}
 o - 2 scrolls of poison {unknown}
 p - a scroll of enchant weapon {unknown}
 q - a scroll of teleportation {unknown}
 s - a scroll of immolation {unknown}
 x - a scroll of blinking {unknown}
 C - a scroll of identify
Potions
 d - 2 potions of attraction
 f - 2 potions of mutation {unknown}
 k - 2 potions of heal wounds {unknown}
 l - 3 potions of might
 u - 3 potions of berserk rage
 v - a potion of brilliance
 B - a potion of curing {unknown}
Miscellaneous
 e - a condenser vane (inert) (quivered)


   Skills:
 + Level 5.0 Fighting
 + Level 2.6 Short Blades
 + Level 2.6 Long Blades
 + Level 2.6 Axes
 + Level 2.6 Maces & Flails
 + Level 2.6 Polearms
 + Level 2.6 Staves
 + Level 2.6 Ranged Weapons
 + Level 3.5 Throwing
 + Level 5.0 Armour
 + Level 3.5 Dodging
 + Level 2.6 Stealth
 + Level 2.6 Shields
 + Level 3.5 Unarmed Combat
 + Level 2.6 Spellcasting
 + Level 2.1 Conjurations
 + Level 2.1 Hexes
   Level 0.0 Summonings
 + Level 2.1 Necromancy
 + Level 2.1 Translocations
 + Level 2.1 Fire Magic
 + Level 2.1 Ice Magic
 + Level 2.1 Air Magic
 + Level 2.1 Earth Magic
 + Level 2.1 Alchemy
 + Level 2.8 Invocations
 + Level 6.5 Evocations
 + Level 2.3 Shapeshifting


You had 11 spell levels left.
You didn't know any spells.
Your spell library was empty.

Dungeon Overview and Level Annotations

Branches:
Dungeon (5/15)            Ossuary (visited)
 Temple: D:4-7

Altars:
Cheibriados
Kikubaaqudgha
Ru
The Shining One


Innate Abilities, Weirdness & Mutations

You have very sharp teeth.
You are hated by all.
You are somewhat unskilled. (-1 Apt)
Your uncanny sense of smell can sniff out nearby items.
Your experience applies equally to all skills.


Message History

The black bear claws you but does no damage.
The black bear claws you.
* * * LOW HITPOINT WARNING * * *
You focus your inner power and illuminate the black bear in retribution!
You feel drained.
You fail to use your ability.
The black bear goes berserk!
You hit the black bear. You drain the black bear.
You bite the black bear, but do no damage.
The black bear is almost dead.
The black bear bites you.
* * * LOW HITPOINT WARNING * * *
The black bear claws you but does no damage.
The black bear barely misses you.
The black bear bites you but does no damage.
The black bear misses you. x2
You hit the black bear.
You kill the black bear!
The steam dragon breathes steam at you. The ball of steam hits you!
* * * LOW HITPOINT WARNING * * *
Your Fighting skill increases to level 5!
Your Armour skill increases to level 5!
It was a potion of enlightenment.
You feel very buoyant.
You fly up into the air.
You are engulfed in a cloud of scalding steam.
You hit the steam dragon but do no damage.
You drain the steam dragon.
The steam dragon is lightly wounded.
You are engulfed in a cloud of scalding steam.
The steam dragon barely misses you. The steam dragon closely misses you.
You barely miss the steam dragon. Your bite misses the steam dragon.
The steam dragon is lightly wounded.
You are engulfed in a cloud of scalding steam.
The steam dragon bites you but does no damage.
The steam dragon claws you but does no damage.
You hit the steam dragon. You drain the steam dragon.
The steam dragon is moderately wounded.
The steam dragon breathes steam at you. The ball of steam hits you!
You die...

....§......#
D.§.......### .....
#..........# #...#
#..§.......# #...#
#..D...§...###...#.#
#..§§...§......#.#.#
#..§...°...##..#.#.#
#..........##.§..#.##
#..........D@§§.....###
#..........#####......#
#..........#...'......+
##.#########.###......#
#.# #.# #......# #.#
#.# #......# #.# #.#
#......# #.# #.#
#......# #.# #.#
#......#


You could see a steam dragon (catching breath, very drained).

Vanquished Creatures
  A sky beast (D:4)
  A black bear (D:8)
  An elf zombie (Ossuary)
  A bullfrog (D:8)
  2 centaur zombies (Ossuary)
  3 human zombies (Ossuary)
  A bombardier beetle (D:4)
  2 iguanas
  5 hound zombies (Ossuary)
  2 mummies (Ossuary)
  2 adders (D:2)
  2 ufetubi (D:4)
  4 adder zombies (Ossuary)
  3 dart slugs
  4 ribbon worms
  4 orcs
  8 bats
  7 endoplasms
  4 giant cockroaches
  10 goblins
  4 hobgoblins
  4 jackals (D:4)
  7 kobolds
  6 quokkas
  10 ball pythons
  3 frilled lizards
  7 gnoll zombies (Ossuary)
  5 jackal zombies (Ossuary)
  6 kobold zombies (Ossuary)
  4 orc zombies (Ossuary)
  2 rats
125 creatures vanquished.

Notes
Turn   | Place    | Note
-------+----------+-------------------------------------------
     0 | D:1      | Destapler the Gnoll Wanderer began the quest for the Orb.
     0 | D:1      | Destapler set off with the following items: a +0 club, a
                  | scroll of fog, a +0 ring mail, a potion of attraction, a
                  | condenser vane.
     0 | D:1      | Reached XP level 1. HP: 20/20 MP: 1/1
   231 | D:1      | Reached XP level 2. HP: 26/26 MP: 2/2
   231 | D:1      | Found a faded altar of an unknown god.
   250 | D:1      | Prayed at the altar of an unknown god.
   250 | D:1      | Became a worshipper of Ru the Awakened
   255 | D:1      | Gained mutation: You are hated by all. [Ru sacrifice]
   255 | D:1      | Reached * piety under Ru
   372 | D:1      | Reached XP level 3. HP: 31/31 MP: 3/3
   563 | D:1      | Reached skill level 1 in Invocations
   947 | D:2      | Reached skill level 1 in Short Blades
   947 | D:2      | Reached skill level 1 in Long Blades
   947 | D:2      | Reached skill level 1 in Axes
   947 | D:2      | Reached skill level 1 in Maces & Flails
   947 | D:2      | Reached skill level 1 in Polearms
   947 | D:2      | Reached skill level 1 in Staves
   947 | D:2      | Reached skill level 1 in Ranged Weapons
   947 | D:2      | Reached skill level 1 in Stealth
   947 | D:2      | Reached skill level 1 in Shields
   947 | D:2      | Reached skill level 1 in Spellcasting
  1056 | D:2      | Reached skill level 1 in Shapeshifting
  1056 | D:2      | Reached XP level 4. HP: 30/38 MP: 5/5
  1854 | D:3      | Reached skill level 1 in Conjurations
  1854 | D:3      | Reached skill level 1 in Hexes
  1854 | D:3      | Reached skill level 1 in Necromancy
  1854 | D:3      | Reached skill level 1 in Translocations
  1854 | D:3      | Reached skill level 1 in Fire Magic
  1854 | D:3      | Reached skill level 1 in Ice Magic
  1854 | D:3      | Reached skill level 1 in Air Magic
  1854 | D:3      | Reached skill level 1 in Earth Magic
  1854 | D:3      | Reached skill level 1 in Alchemy
  1918 | D:3      | Found a glowing golden altar of the Shining One.
  2171 | D:4      | Found an ancient bone altar of Kikubaaqudgha.
  2193 | D:4      | Found a sand-covered staircase.
  2202 | Ossuary  | Entered an ossuary
  2237 | Ossuary  | Reached XP level 5. HP: 43/43 MP: 7/7
  2341 | Ossuary  | Gained mutation: You are somewhat unskilled. (-1 Apt) [Ru
                  | sacrifice]
  2341 | Ossuary  | Reached ** piety under Ru
  2341 | Ossuary  | Reached *** piety under Ru
  2415 | Ossuary  | Reached XP level 6. HP: 35/49 MP: 8/8
  2640 | Ossuary  | Reached XP level 7. HP: 46/55 MP: 10/10
  2697 | D:4      | Found a snail-covered altar of Cheibriados.
  2945 | D:4      | Identified the +0 robe "Ico Ubum" {+Blink rElec Str-3}
  3743 | D:5      | Entered Level 5 of the Dungeon
  3938 | D:5      | You fall into a shaft and drop 3 floors!
  3994 | D:8      | Noticed a steam dragon
  4013 | D:8      | Reached skill level 5 in Fighting
  4013 | D:8      | Reached skill level 5 in Armour
  4016 | D:8      | Killed from afar by a steam dragon

Illustrated notes

Levels and vault maps discovered:
D:1:      kennysheep_arrival_seaside, layout_loops_ring,
          shapermc_ecumenical_altar_starsandcircs, chequers_hall_statues_y
D:2:      layout_basic
D:3:      layout_rooms, fedhas_altar_3, mainiacjoe_overflow_small_starburst
D:4:      minmay_thick_lines, layout_rooms, kennysheep_slug_shrine,
          lemuel_crystal_altar, mainiacjoe_ossuary_entry_dusty_tomb
D:5:      layout_loops_cross
D:8:      layout_basic, grunt_temple_overflow_champion_of_chaos,
          wad_floor_pattern_untrapped

Skill      XL: |  1  2  3  4  5  6  7 |
---------------+----------------------+-----
Invocations    | 1 2 |  2.8
Short Blades   | 1 2 |  2.6
Long Blades    | 1 2 |  2.6
Axes           | 1 2 |  2.6
Maces & Flails | 1 2 |  2.6
Polearms       | 1 2 |  2.6
Staves         | 1 2 |  2.6
Ranged Weapons | 1 2 |  2.6
Stealth        | 1 2 |  2.6
Shields        | 1 2 |  2.6
Spellcasting   | 1 2 |  2.6
Shapeshifting  | 1 2 |  2.3
Conjurations   | 1 2 |  2.1
Hexes          | 1 2 |  2.1
Necromancy     | 1 2 |  2.1
Translocations | 1 2 |  2.1
Fire Magic     | 1 2 |  2.1
Ice Magic      | 1 2 |  2.1
Air Magic      | 1 2 |  2.1
Earth Magic    | 1 2 |  2.1
Alchemy        | 1 2 |  2.1
Throwing       | 2 3 |  3.5
Dodging        | 2 3 |  3.5
Unarmed Combat | 2 3 |  3.5
Fighting       | 5 |  5.0
Armour         | 5 |  5.0
Evocations     | |  6.5

Action                     |  1- 3 |  4- 6 |  7- 9 || total
---------------------------+-------+-------+-------++-------
  Melee: Club              |    17 |       |       ||    17
         Dagger            |    87 |   106 |    96 ||   289
         Bite              |     9 |    26 |    17 ||    52
         Punch             |     2 |     8 |     4 ||    14
         Whip              |       |   151 |    58 ||   209
 Invoke: Sacrifice Love    |     1 |       |       ||     1
         Sacrifice Skill   |       |     1 |       ||     1
         Draw Out Power    |       |     1 |       ||     1
  Evoke: Condenser vane    |       |       |     1 ||     1
    Use: Scroll            |       |     4 |       ||     4
         Potion            |       |     1 |     1 ||     2
   Stab: Sleeping          |       |       |     1 ||     1
 Armour: Ring mail         |    60 |   188 |   117 ||   365
  Dodge: Dodged            |    48 |   189 |    98 ||   335
